 Dungeon Crawl Stone Soup version 0.31-a0-202-g547052bce9 (webtiles) character file.

Game seed: 13476465196121008330

327 qw the Skirmisher (level 6, -7/35 HPs)
             Began as a Deep Elf Hunter on June 26, 2023.
             Mangled by an ice beast (12 damage)
             ... on level 4 of the Dungeon.
             The game lasted 00:01:23 (2484 turns).

qw the Skirmisher (Deep Elf Hunter)                 Turns: 2484, Time: 00:01:24

Health: -7/35      AC:  5    Str: 10    XL:     6   Next: 24%
Magic:  8/8        EV: 11    Int: 14    God:
Gold:   80         SH:  4    Dex: 18    Spells: 5/5 levels left

rFire   . . .        d - +5 shortbow (heavy)
rCold   . . .        (shield currently unavailable)
rNeg    . . .        e - +0 ring mail
rPois   +            (no helmet)
rElec   .            (no cloak)
rCorr   .            (no gloves)
SInv    .            (no boots)
Will    .....        b - amulet of the acrobat
Stlth   +            k - ring of poison resistance
HPRegen 0.25/turn    (no ring)
MPRegen 0.11/turn

%: acrobat, clarity
@: about to teleport
A: claws 1, large bone plates 1, clarity, passive freeze
a: no special abilities


You were on level 4 of the Dungeon.
You visited 1 branch of the dungeon, and saw 4 of its levels.
You also visited: Sewer.

You collected 80 gold pieces.


Innate Abilities, Weirdness & Mutations

You have sharp fingernails.
You are partially covered in large bone plates. (SH +4)
You possess an exceptional clarity of mind.
A frigid envelope surrounds you and freezes all who hurt you.


   Skills:
 - Level 2.0 Fighting
 + Level 9.8 Ranged Weapons
 - Level 2.4 Dodging
 - Level 1.2 Stealth


You had 5 spell levels left.
You didn't know any spells.
Your spell library was empty.

Inventory:

Hand Weapons
 d - a +5 heavy shortbow (weapon)
Armour
 e - a +0 ring mail (worn)
Jewellery
 b - an amulet of the acrobat (around neck)
 k - a ring of poison resistance (left claw)
Scrolls
 l - a scroll of brand weapon
Potions
 a - a potion of degeneration {unknown}
 c - a potion of brilliance {unknown}
 f - a potion of magic {unknown}
 h - a potion of cancellation {unknown}
 i - a potion of curing {unknown}
 j - 2 potions of might
 m - a potion of mutation

Dungeon Overview and Level Annotations

Branches:
Dungeon (4/15)              Sewer (visited)
 Temple: D:4-7

Altars:

Shops:
D:2 [


Message History

The iguana is severely wounded.
The iguana bites you!
The iguana is very cold.
You kill the iguana!
You start resting.
You hear the slow hiss of an avalanche of sand nearby.
HP restored.
You see here an iguana corpse.
Found a stone staircase leading up.
Found a stone staircase leading down.
A kobold comes into view. It is wielding a +0 short sword.
Found a stone staircase leading down.
You shoot an arrow. The arrow hits the kobold!
You kill the kobold!
An endoplasm and a hobgoblin come into view.
Found a spear.
The endoplasm quivers.
The hobgoblin shouts!
An ice beast comes into view.
You shoot an arrow. The arrow hits the endoplasm!
You kill the endoplasm!
You shoot an arrow. The arrow hits the hobgoblin!
You kill the hobgoblin!
You shoot an arrow. The arrow closely misses the ice beast.
You shoot an arrow.
The arrow hits the ice beast but does no damage.
You shoot an arrow. The arrow hits the ice beast.
The ice beast is moderately wounded.
The ice beast barely misses you. The ice beast completely misses you.
You shoot an arrow. The arrow barely misses the ice beast.
The ice beast hits you. The ice beast freezes you!
The ice beast completely resists.
You shoot an arrow. The arrow hits the ice beast!
The ice beast is severely wounded.
You block the ice beast's attack. The ice beast hits you.
The ice beast freezes you!
The ice beast completely resists.
2484 ||| READING scroll of teleportation.
As you read the scroll of teleportation, it crumbles to dust.
You feel strangely unstable. The ice beast hits you. The ice beast freezes you!
You die...

~...####.#.....
...........# .......
##<.# ....... #..##
....... ##.## .......
#..# ....... #.##
......) .. #.#
###Y......
....###%######.@.......
...........#...###..).#
##...........### .>#
#.........### #
#.........# #<........#
...........#
8.8........#
......<....#


You could see an ice beast.

Vanquished Creatures
  An orc priest (D:3)
  Jessica (D:2)
  An iguana (D:4)
  An orc wizard (D:3)
  A hell rat (Sewer)
  7 adders
  4 river rats
  6 worms
  2 dart slugs
  3 orcs (D:3)
  3 ball pythons (D:3)
  3 bats
  7 endoplasms
  2 giant cockroaches
  5 hobgoblins
  6 quokkas
  A frilled lizard (D:1)
  8 goblins
  4 kobolds
  19 rats
85 creatures vanquished.

Notes
Turn   | Place    | Note
-------+----------+-------------------------------------------
     0 | D:1      | qw the Deep Elf Hunter began the quest for the Orb.
     0 | D:1      | Reached XP level 1. HP: 12/12 MP: 3/3
     0 | D:1      | 0 ||| qw: Version: 0.3-a-22-g0ed2b0b
     0 | D:1      | 0 ||| qw: Game counter: 6101
     0 | D:1      | 0 ||| qw: Melee chars always use a shield: true
     0 | D:1      | 0 ||| qw: God list: Okawaru
     0 | D:1      | 0 ||| qw: Allow faded altars: false
     0 | D:1      | 0 ||| qw: Do Orc after clearing Dungeon:15 true
     0 | D:1      | 0 ||| qw: Do second Lair branch before Depths: true
     0 | D:1      | 0 ||| qw: Lair rune preference: random
     0 | D:1      | 0 ||| qw: Goals: Normal
     0 | D:1      | 0 ||| PLANNING D:1-11
   201 | D:1      | 201 ||| UPGRADING to +0 ring mail.
   212 | D:1      | Reached skill level 6 in Ranged Weapons
   212 | D:1      | Reached XP level 2. HP: 13/16 MP: 4/4
   224 | D:1      | 224 ||| DROPPING +0 leather armour.
   756 | D:1      | 756 ||| DROPPING ring of wizardry.
   757 | D:1      | 757 ||| UPGRADING to ring of poison resistance.
   758 | D:1      | 758 ||| READING 4 scrolls labelled VOWICK SEECZIETH.
   759 | D:1      | 759 ||| READING 3 scrolls of enchant weapon.
   759 | D:1      | 759 ||| ENCHANTING +1 shortbow.
   760 | D:1      | 760 ||| READING 2 scrolls of enchant weapon.
   760 | D:1      | 760 ||| ENCHANTING +2 shortbow.
   761 | D:1      | 761 ||| READING scroll of enchant weapon.
   761 | D:1      | 761 ||| ENCHANTING +3 shortbow.
   762 | D:1      | 762 ||| READING scroll labelled ALIOSY AGAYLUPS.
   763 | D:1      | 763 ||| READING scroll labelled ASYLIA ESHILA.
   764 | D:1      | 764 ||| DROPPING scroll of butterflies.
   855 | D:2      | Found Gaudweamn's Antique Armour Emporium.
   865 | D:2      | 865 ||| SHOPLISTING runed scale mail (210 gold, have 24).
   954 | D:2      | Reached XP level 3. HP: 20/20 MP: 5/5
  1104 | D:2      | 1104 ||| DROPPING +2 sling of draining.
  1126 | D:2      | Noticed Jessica
  1127 | D:2      | Killed Jessica
  1128 | D:2      | Reached skill level 7 in Ranged Weapons
  1131 | D:2      | Reached XP level 4. HP: 25/25 MP: 6/6
  1592 | D:2      | 1592 ||| READING scroll labelled JAATHR BICAUGOMM.
  1593 | D:2      | 1593 ||| READING scroll labelled SIHE HIUZU.
  1594 | D:2      | 1594 ||| READING scroll labelled BIOFYK JEAG.
  1595 | D:2      | 1595 ||| READING scroll labelled XYTRUEWNYI.
  1596 | D:2      | 1596 ||| DRINKING 2 murky amethyst potions.
  1627 | D:3      | 1627 ||| PLANNING SEWER
  1654 | D:3      | Reached skill level 8 in Ranged Weapons
  1793 | D:3      | Reached XP level 5. HP: 29/29 MP: 7/7
  1804 | D:3      | Reached skill level 9 in Ranged Weapons
  1917 | D:3      | Identified the +6 dagger of the Manifold Ghosts {protect,
                  | rElec rF++ rN+ Dex-4}
  2051 | D:3      | Found a glowing drain.
  2052 | D:3      | 2052 ||| UPGRADING to amulet of the acrobat.
  2057 | D:3      | 2057 ||| READING scroll labelled WIVODWASHRI.
  2091 | Sewer    | Entered a sewer
  2108 | Sewer    | 2108 ||| Stepping ~*~*~tactically~*~*~ (water).
  2112 | Sewer    | 2112 ||| Stepping ~*~*~tactically~*~*~ (water).
  2134 | Sewer    | 2134 ||| Stepping ~*~*~tactically~*~*~ (water).
  2139 | Sewer    | 2139 ||| Stepping ~*~*~tactically~*~*~ (water).
  2144 | Sewer    | Reached XP level 6. HP: 35/35 MP: 8/8
  2146 | Sewer    | 2146 ||| Stepping ~*~*~tactically~*~*~ (water).
  2160 | Sewer    | 2160 ||| READING scroll of enchant weapon.
  2160 | Sewer    | 2160 ||| ENCHANTING +4 heavy shortbow.
  2178 | Sewer    | 2178 ||| DRINKING 2 clear potions.
  2178 | Sewer    | Gained mutation: A frigid envelope surrounds you and
                  | freezes all who hurt you. [potion of mutation]
  2178 | Sewer    | Gained mutation: You have sharp fingernails. [potion of
                  | mutation]
  2178 | Sewer    | Gained mutation: You are partially covered in large bone
                  | plates. (SH +4) [potion of mutation]
  2178 | Sewer    | Gained mutation: You possess an exceptional clarity of
                  | mind. [potion of mutation]
  2186 | D:3      | 2186 ||| PLANNING D:1-11
  2417 | D:4      | 2417 ||| PLANNING OSSUARY
  2476 | D:4      | Noticed an ice beast
  2483 | D:4      | HP: 7/35 [ice beast (14)]
  2484 | D:4      | 2484 ||| READING scroll of teleportation.
  2484 | D:4      | Mangled by an ice beast

Levels and vault maps discovered:
D:1:      ebering_trefoil_3fold, layout_loops_ring, serial_glass,
          glass_columns_a, glass_columns_b, glass_columns_a, glass_columns_a,
          glass_columns_c, glass_columns_a
D:2:      layout_loops_corners, serial_shops, shop, uniq_jessica
D:3:      layout_rooms, lightli_sewer_entry_pipes, kennysheep_potato
D:4:      layout_rooms, eat_drink_and_be_merry_uskayaw,
          nicolae_qazlal_general_emergency, bloody_makhleb, enter_ossuary_2

Skill      XL: |  1  2  3  4  5 |
---------------+----------------+-----
Ranged Weapons | 6 7 8 9 |  9.8
Fighting       | 2 |  2.0
Dodging        | |  2.4
Stealth        | |  1.2

Action                     |  1- 3 |  4- 6 || total
---------------------------+-------+-------++-------
   Fire: Shortbow          |    57 |   112 ||   169
    Use: Scroll            |     6 |     7 ||    13
         Potion            |       |     2 ||     2
 Armour: Leather armour    |     1 |       ||     1
         Ring mail         |       |    19 ||    19
  Dodge: Dodged            |    12 |    39 ||    51
  Block: Other             |       |     1 ||     1

Table legend:
 A = Non-vault XP
 B = Vault XP
 C = Vault XP percentage of total XP
 D = Non-vault monster count
 E = Vault monster count
 F = Vault count percentage of total count
                 A         B        C        D         E       F
            +---------+---------+-------+---------+---------+-------
      Total |     279 |     189 |  40.4 |      63 |      22 |  25.9
            +---------+---------+-------+---------+---------+-------
        D:1 |      33 |       0 |   0.0 |      20 |       0 |   0.0
        D:2 |      57 |      37 |  39.4 |      15 |       1 |   6.2
        D:3 |     147 |      86 |  36.9 |      24 |      12 |  33.3
        D:4 |      42 |       0 |   0.0 |       4 |       0 |   0.0
      Sewer |       0 |      66 | 100.0 |       0 |       9 | 100.0
            +---------+---------+-------+---------+---------+-------
